Cogmind - Beta 14 @@@ ROGUE MODE // 2024.08.07 @ 21:30:55 Player: RedTheSorceress Result: Self-destructed Performance ------------- Evolutions (2) 1000 Regions Visited (3) 600 Robots Destroyed (39) 195 Value Destroyed (987) 987 Prototype IDs (2) 40 Alien Tech Used (0) 0 Bonus (0) 0 TOTAL SCORE: 2822 Bonus ------- None Cogmind --------- Core Integrity 525/550 Matter 92/300 Energy 80/100 System Corruption 0% Temperature Cool (0) Movement Treading (246) Ox1 Location -8/Materials Parts ------- > --- POWER (1) -------- Subdweller Power Source > --- PROPULSION (4) --- Light Treads Light Treads Spiked Treads > --- UTILITY (4) ------ Huge Storage Unit Targeting Computer > --- WEAPON (2) ------- Battle Cannon Grenade Launcher > --- INVENTORY (25) --- Subdweller Power Source Wheel Subdweller Monowheel Subdweller Monowheel Subdweller Monowheel Subdweller Monowheel Small Storage Unit Signal Interpreter Hacking Suite System Shield EM Pulse Gun Small Laser Subdweller Beam Cannon Subdweller Machine Gun Improved Light Cannon Slug Cannon Mining Laser Makeshift Hammer Scrap Shield Fragment (29) Scrap Shield Fragment (7) Peak State ------------ > --- POWER ------------ Subdweller Power Source > --- PROPULSION ------- Light Treads Light Treads Spiked Treads > --- UTILITY ---------- High-capacity Storage Unit Huge Storage Unit Targeting Computer > --- WEAPON ----------- Battle Cannon Makeshift Hammer > --- INVENTORY -------- Subdweller Power Source Wheel Subdweller Monowheel Subdweller Monowheel Subdweller Monowheel Subdweller Monowheel Small Storage Unit Signal Interpreter Hacking Suite EM Pulse Gun Small Laser Subdweller Beam Cannon Subdweller Machine Gun Improved Light Cannon Slug Cannon Grenade Launcher Grenade Launcher Mining Laser Scrap Shield Fragment Scrap Shield Fragment [Rating: 18] Favorites ----------- Power Ion Engine Engine Ion Engine Power Core Light Nuclear Core Propulsion Light Treads Treads Light Treads Leg Aluminum Leg Utility Targeting Computer Device Improved Terrain Scanner Storage High-capacity Storage Unit Processor Targeting Computer Weapon Assault Rifle Energy Gun Small Laser Ballistic Gun Assault Rifle Ballistic Cannon Battle Cannon Launcher Grenade Launcher Impact Weapon Makeshift Hammer Build | -11 -10 -10 -8 ------- Run | Yrd Mat Sub Mat Slots Evolved 4 | . . . 4 Power . | . . . . Propulsion 2 | . . . 2 Utility 2 | . . . 2 Weapon . | . . . . Parts Attached 42 | 4 8 25 5 Power 3 | . 1 2 . Engine 2 | . 1 1 . Core 1 | . . 1 . Reactor . | . . . . Propulsion 7 | 2 . 4 1 Treads 7 | 2 . 4 1 Leg . | . . . . Wheel . | . . . . Hover . | . . . . Flight . | . . . . Utility 6 | 1 4 . 1 Device 2 | 1 1 . . Storage 3 | . 2 . 1 Processor 1 | . 1 . . Hackware . | . . . . Protection . | . . . . Artifact . | . . . . Weapon 26 | 1 3 19 3 Energy Gun 3 | 1 1 1 . Energy Cannon . | . . . . Ballistic Gun 10 | . 1 9 . Ballistic Cannon 1 | . . . 1 Launcher 8 | . 1 5 2 Special Weapon . | . . . . Impact Weapon 4 | . . 4 . Slashing Weapon . | . . . . Piercing Weapon . | . . . . Special Melee Weapon . | . . . . Unidentified Prototypes . | . . . . Parts Lost 14 | . 2 11 1 Power 2 | . 1 1 . Propulsion 4 | . . 4 . Utility . | . . . . Weapon 8 | . 1 6 1 Highest Loss Streak 6 | . 1 6 1 To Critical Strikes . | . . . . Average Slot Usage (%) 98 | . 100 98 72 Engine 11 | . 14 9 9 Core 1 | . . 3 . Treads 27 | . 28 28 27 Device 3 | . 7 . . Storage 13 | . 14 14 9 Processor 10 | . 6 14 9 Energy Gun 6 | . 14 . . Ballistic Gun 18 | . 14 23 . Launcher 1 | . . 2 3 Peak Build Rating 18 | 9 10 16 18 Average Rating 11 | 7 8 13 16 On Entrance 9 | 6 9 9 14 Naked Turns . | . . . . Heaviest Build 91 | 14 48 52 91 Greatest Support 60 | 40 40 40 60 Greatest Overweight (x) 1 | . 1 1 1 Average Overweight (x) . | . . 1 . Largest Inventory Capacity 25 | 8 20 20 25 Average Capacity 16 | 8 13 20 21 Most Carried 21 | 7 16 20 21 Average Carried 15 | 5 12 19 19 Final Capacity 25 | 8 20 20 25 Final Carried 20 | 7 16 20 20 Class Distribution -------------------- 100% | Mutant Dominant Class ---------------- Mutant | -10/Materials Mutant | -10/Subcaves Mutant | -8/Materials Resources | -11 -10 -10 -8 ----------- Run | Yrd Mat Sub Mat Matter Collected 1097 | 245 421 431 . Remotely . | . . . . Salvage Created 1343 | 92 876 367 8 Parts 89 | 5 57 24 3 Haulers Intercepted 2 | . 2 . . Recyclers Shooed 1 | . 1 . . Parts Field Recycled . | . . . . Retrieved Matter . | . . . . Parts Self-Destructed 3 | . . 3 . Prevented . | . . . . Kills | -11 -10 -10 -8 ------- Run | Yrd Mat Sub Mat Combat Hostiles Destroyed 27 | . 14 12 1 Guns 16 | . 11 5 . AOE 10 | . 3 6 1 Classes Destroyed 11 | 2 6 3 . Tunneler 2 | 1 1 . . Hauler 2 | . 2 . . Recycler 4 | 1 3 . . Mechanic 1 | . 1 . . Operator 1 | . 1 . . Watcher 2 | . 2 . . Swarmer 7 | . 6 . 1 Grunt 9 | . 8 1 . Sentry 1 | . . 1 . Artisan 1 | . . 1 . Subdweller 10 | . . 10 . Best Kill Streak 5 | 2 5 3 1 Combat Bots Only 3 | . 3 3 1 Max Kills in Single Turn 2 | 1 2 2 1 Gunslinging . | . . . . Exploded 2 | . 2 2 1 Melee . | . . . . Uniques/NPCs Destroyed . | . . . . Combat | -11 -10 -10 -8 -------- Run | Yrd Mat Sub Mat Hostile Shots Fired 136 | . 49 74 13 Missed 28 | . 9 18 1 Damage Taken 2030 | . 507 1388 135 Core 261 | . 42 194 25 Absorbed by Shields . | . . . . Core Remaining (%) 52 | 100 . 5 . Volleys Fired 106 | 9 58 36 3 Largest 2 | 2 2 2 1 Hottest 60 | 60 60 60 30 Shots Fired 199 | 18 115 63 3 Gun 182 | 18 113 51 . Cannon . | . . . . Launcher 17 | . 2 12 3 Special . | . . . . Kinetic 116 | 9 56 51 . Thermal 69 | 9 57 3 . Explosive 14 | . 2 9 3 Electromagnetic . | . . . . Robot Hit Streak 19 | 4 19 14 7 Robot Miss Streak 2 | 2 2 2 . Penetration Max . | . . . . Secondary Targets . | . . . . Shots Hit Robots 149 | 11 84 53 1 Core Hits 66 | 3 41 20 2 Critical Kills 1 | . . 1 . Critical Parts Destroyed 2 | . . 2 . Critical Strikes 3 | . . 3 . Destroy 2 | . . 2 . Smash 1 | . . 1 . Melee Attacks 7 | . . 5 2 Impact 7 | . . 5 2 Slashing . | . . . . Piercing . | . . . . Sneak Attacks . | . . . . Combat Hostiles . | . . . . Follow-up Attacks . | . . . . Damage Inflicted 2915 | 123 1092 1507 193 Guns 1631 | 123 964 544 . Cannons . | . . . . Explosions 1243 | . 125 925 193 Melee 38 | . . 38 . Ramming 3 | . 3 . . Kinetic 1398 | 59 468 871 . Thermal 593 | 64 496 33 . Explosive 883 | . 125 565 193 Electromagnetic . | . . . . Impact 38 | . . 38 . Slashing . | . . . . Piercing . | . . . . Highest Corruption 1 | . 1 1 . Average Corruption 1 | . 1 1 . Corruption Purged . | . . . . Corruption Blocked . | . . . . Effects 27 | . 15 12 . Message Errors 4 | . 4 . . Matter Fused 9 | . 3 6 . Heat Flow Errors 4 | . 2 2 . Parts Fused 1 | . 1 . . Data Loss (minor) 1 | . 1 . . Data Loss (major) 3 | . 2 1 . Misfires 3 | . 1 2 . Alerts 2 | . 1 1 . Overload Shots . | . . . . Overflow Damage 91 | . . 81 10 Projectiles . | . . . . Explosions 53 | . . 43 10 Melee 38 | . . 38 . Knockbacks . | . . . . Impact . | . . . . Kinetic . | . . . . Secondary . | . . . . Self-Inflicted Damage 338 | . 39 260 39 Shots 12 | . 2 9 1 Rammed 1 | . 1 . . Targets Rammed 1 | . 1 . . Kicked . | . . . . Crushed . | . . . . Highest Temperature 283 | . 283 250 . Average Temperature 74 | . 66 117 . Received Heat Transfer 809 | . 216 593 . Effects 1 | . 1 . . Energy Bleed 1 | . 1 . . Siege Activations . | . . . . Robots Corrupted 1 | . . 1 . Combat Hostiles 1 | . . 1 . Parts Fried 1 | . . 1 . Impact Corruptions 1 | . . 1 . Robots Melted . | . . . . Combat Hostiles . | . . . . Parts Melted . | . . . . Heat Transferred 1350 | 150 1125 75 . Parts Sabotaged . | . . . . Parts Stolen . | . . . . Parts Stripped . | . . . . Power Chain Reactions . | . . . . Alert | -11 -10 -10 -8 ------- Run | Yrd Mat Sub Mat Peak Influence 186 | 10 186 . 152 Initial 6 | . 6 . . Average 75 | 6 76 . 102 Maximum Alert Level . | . . . . Low Security (%) 100 | 100 100 . 100 Level 1 . | . . . . Level 2 . | . . . . Level 3 . | . . . . Level 4 . | . . . . Level 5 . | . . . . High Security . | . . . . Max Security . | . . . . Squads Dispatched 2 | . 2 . . Investigation 1 | . 1 . . Extermination . | . . . . Reinforcement 1 | . 1 . . Assault . | . . . . Garrison . | . . . . Intercept . | . . . . Searches Triggered . | . . . . Construction Impeded . | . . . . Haulers Reinforced . | . . . . Active Scanning Responses . | . . . . Cargo Convoy Interrupts . | . . . . Stealth | -11 -10 -10 -8 --------- Run | Yrd Mat Sub Mat Distress Signals . | . . . . Communications Jammed . | . . . . Distress Signals . | . . . . Times Spotted 45 | . 26 12 7 Peak Tracking Total 5 | . 4 3 5 Tactical Retreats . | . . . . Traps | -11 -10 -10 -8 ------- Run | Yrd Mat Sub Mat Traps Triggered 3 | . 3 . . Indirectly . | . . . . Trap Hack Attempts . | . . . . Triggered . | . . . . Disarmed . | . . . . Reprogrammed . | . . . . Reused . | . . . . Traps Extracted . | . . . . Installed . | . . . . Triggered . | . . . . Machines | -11 -10 -10 -8 ---------- Run | Yrd Mat Sub Mat Machines Disabled 5 | . . . 5 Max in Single Turn 4 | . . . 4 Machines Repaired . | . . . . Machines Dismantled . | . . . . Machines Sabotaged . | . . . . Overloaded Fab Kills . | . . . . Hacking | -11 -10 -10 -8 --------- Run | Yrd Mat Sub Mat Machines Accessed 11 | . 8 1 2 Terminals 9 | . 7 . 2 Fabricators . | . . . . Repair Stations . | . . . . Recycling Units 1 | . 1 . . Scanalyzers . | . . . . Garrison Access . | . . . . Total Hacks 29 | . 20 5 4 Successful 16 | . 10 5 1 Failed 12 | . 9 . 3 Catastrophic 1 | . 1 . . Database Lockouts 1 | . 1 . . Manual 14 | . 12 . 2 Terminals 22 | . 18 . 4 Fabricators . | . . . . Repair Stations . | . . . . Recycling Units 2 | . 2 . . Scanalyzers . | . . . . Garrison Access . | . . . . Terminal Hacks 12 | . 6 5 1 Record 5 | . . 5 . Robot Analysis 2 | . 2 . . Prototype ID Bank 1 | . 1 . . Locate Traps 2 | . 2 . . Hauler Manifests 2 | . 1 . 1 Fabricator Hacks . | . . . . Repair Station Hacks . | . . . . Recycling Unit Hacks . | . . . . Scanalyzer . | . . . . Garrison Access Hacks . | . . . . Unauthorized Hacks 4 | . 4 . . Terminals 4 | . 4 . . Botnet 3 | . 3 . . Operators 1 | . 1 . . Fabricators . | . . . . Repair Stations . | . . . . Recycling Units . | . . . . Scanalyzers . | . . . . Garrison Access . | . . . . Data Cores Recovered . | . . . . Used . | . . . . Hacking Detections 10 | . 8 . 2 Full Trace Events . | . . . . Feedback Events . | . . . . Feedback Blocked . | . . . . Robot Schematics Acquired . | . . . . Robots Built . | . . . . Authchips . | . . . . Time . | . . . . Total Robot Build Rating . | . . . . Part Schematics Acquired . | . . . . Parts Built . | . . . . Authchips . | . . . . Time . | . . . . Total Part Build Rating . | . . . . Parts Repaired . | . . . . Time . | . . . . Parts Recycled . | . . . . Recycled Matter . | . . . . Retrieved Matter . | . . . . Retrieved Components . | . . . . Parts Scanalyzed . | . . . . Part Schematics Acquired . | . . . . Parts Damaged . | . . . . Bothacking | -11 -10 -10 -8 ------------ Run | Yrd Mat Sub Mat Used RIF Installer . | . . . . Robots Hacked . | . . . . Non-combat . | . . . . Combat . | . . . . Robot Hacks Applied . | . . . . Relay Couplers Released . | . . . . Fabnet Peak Effective % . | . . . . Robots Rewired . | . . . . Allies Hacked . | . . . . Hacks Repelled . | . . . . Allies | -11 -10 -10 -8 -------- Run | Yrd Mat Sub Mat Total Allies . | . . . . Largest Group . | . . . . Highest-Rated Group . | . . . . Highest-Rated Ally . | . . . . Total Orders . | . . . . Ally Attacks . | . . . . Total Damage . | . . . . Kills . | . . . . Allies Corrupted . | . . . . Allies Melted . | . . . . Intel | -11 -10 -10 -8 ------- Run | Yrd Mat Sub Mat Robot Analysis Total 2 | . 2 . . Derelict Logs Recovered 2 | . . 2 . Drone Launches . | . . . . Drone Recoveries . | . . . . Exploration | -11 -10 -10 -8 ------------- Run | Yrd Mat Sub Mat Turns Passed 3373 | 66 1510 1678 119 Spaces Moved 1437 | 18 763 601 55 Core . | . . . . Treads 1434 | 15 763 601 55 Legs 3 | 3 . . . Wheels . | . . . . Hover . | . . . . Flight . | . . . . Fastest Speed 120 | 120 160 240 160 Average Speed 201 | 153 167 247 181 Slowest Speed 250 | 160 240 250 246 Overloaded Moves . | . . . . Propulsion Burnouts . | . . . . Robots Hopped . | . . . . Cave-ins Triggered . | . . . . Exploration Rate (%) 41 | 3 99 51 11 Regions Visited 3 Branch Regions 1 Pre-discovered Areas 1 | . . 1 . Known Exits Taken 1 | . . 1 . Unknown Exits Taken 2 | 1 1 . . Scrap Searched 5 | . . 5 . Spaces Dug 4 | . 4 . . Terrain Destroyed 140 | . 8 76 56 Melee . | . . . . Projectile . | . . . . AOE 140 | . 8 76 56 Terrain Rammed . | . . . . Walls Destroyed . | . . . . Machines Disabled . | . . . . Actions | -11 -10 -10 -8 --------- Run | Yrd Mat Sub Mat Total 1724 | 39 888 729 68 Wait 68 | 4 33 31 . Move 1434 | 17 762 600 55 Hop . | . . . . Pick Up 42 | 3 16 21 2 Fast Attach 7 | 1 1 4 1 Attach 18 | 2 2 12 2 Detach 2 | . 1 1 . Swap 17 | 1 5 9 2 Drop 22 | 2 9 10 1 Fire 106 | 9 58 36 3 Melee 7 | . . 5 2 Ram . | . . . . Kick . | . . . . Crush 1 | . 1 . . Escape Stasis . | . . . . Rewire . | . . . . Trap . | . . . . Miscellaneous . | . . . . Route ------- -11/Scrapyard -10/Materials (discovered 6 exits: [*Mat x3] / [*Min x2] / *Sub) -10/Subcaves (discovered 3 exits: *Mat x2 / Rec) -8/Materials History --------- Turn | Location | Event 12 | -11/Scrapyard | Discovered new exit (range 2) 67 | -11/Scrapyard | Entered Materials 331 | -10/Materials | Build established: Mutant 704 | -10/Materials | Discovered new exit (range 4) 819 | -10/Materials | Central database locked down 945 | -10/Materials | Discovered new exit (range 14) 1145 | -10/Materials | Discovered new exit (range 14) 1243 | -10/Materials | Discovered new exit (range 11) 1376 | -10/Materials | Discovered new exit (range 5) 1557 | -10/Materials | Discovered new exit (range 9) 1577 | -10/Materials | Entered Subcaves 1586 | -10/Subcaves | Shifting Twisted Machinery released Battle Rifle 1868 | -10/Subcaves | Identified exit to Materials 1888 | -10/Subcaves | Visited Clippyterm 1895 | -10/Subcaves | Identified exit to Recycling 1895 | -10/Subcaves | Learned Factory garrison access intel 1954 | -10/Subcaves | A swath of the cavern ceiling suddenly collapsed 1976 | -10/Subcaves | A swath of the cavern ceiling suddenly collapsed 2344 | -10/Subcaves | Core integrity fell below 50% 2536 | -10/Subcaves | Shifting Twisted Machinery released Sub. Shrapnel Launcher 2546 | -10/Subcaves | Shifting Twisted Machinery released Sub. Monowheel 2575 | -10/Subcaves | Shifting Twisted Machinery released Battle Rifle 2575 | -10/Subcaves | Shifting Twisted Machinery released Flamer 3013 | -10/Subcaves | Ambushed by angry Subdweller bent on revenge 3092 | -10/Subcaves | Lost 6 parts (2n4w) 3158 | -10/Subcaves | Core integrity fell below 20% 3255 | -10/Subcaves | Entered Materials 3255 | -8/Materials | Evolved 4 slots: Propulsion x2, Utility x2 3374 | -8/Materials | Self-destructed Last Messages --------------- 2x Imp. Assault Rifle 2x Adv. Beam Cannon (1 escort) 03265_ Terminal disabled. 03266_ K-01 Serf collects debris. 03276_ Fusion Modulator explodes. 03279_ Connecting with Terminal... 03305_ Acquired Imp. Light Cannon. 03324_ K-01 Serf collects debris. 03327_ K-01 Serf cleans the Electrolysis Chamber. 03331_ K-01 Serf collects debris. 03333_ Acquired Huge Storage Unit. 03334_ K-01 Serf collects debris. 03334_ Dropped Hcp. Storage Unit. 03339_ K-01 Serf collects debris. 03340_ Acquired System Shield. 03368_ Grenade Launcher destroyed. 03372_ S-10 Pest destroyed. 03372_ Destroyed Flight Unit. Map ----- +----------------------------------------------------+ | | | | | | | | | | | | | | | | | | | | | | | ????????????????????#######?????????????????????? | | ??????????????????? [[ ?????????????????????? | | ???????????????????" [ #????????????????????? | | ???????????????????? #????????????????????? | | ???????????????????? ?????????????????????? | | ???????????????????? s! ?????????????????????? | | ????????????????????? ?????????????????????? | | ?????????????????????[Y ?????????????????????? | | ????????????????????## s #?????????????????????? | | ???????????????????? [% ###???????????????????? | | ????????????????????? s ????????????????????? | | ?????????????????????? #????????????????????? | | ??????????????????????# #????????????????????? | | ??????????????????????# #?????????????????????? | | ??????????????????????# @ #?????????????????????? | | ????????????????????### #####?????????????????? | | ???????# ???????????# #?????????????????? | | ???????# ??????????# """ """ #?????????????????? | | ???????# ########### """ """ #?????????????????? | | ???????# # """ """ #?????????????????? | | ???????# + #?????????????????? | | ???????# """ ####+# #?????????????????? | | ???????# """ # # ! = #?????????????????? | | ???????# """ + # ! #?????????????????? | | ???????+ # ###########?????????????????? | | ???????# # #???????????????????????????? | | ???????###+##+## #???????????????????????????? | | ???????# ## #???????????????????????????? | | ???????#""" ## #???????????????????????????? | | ???????#""" ## #???????????????????????????? | | ???????#""" ## #???????????????????????????? | | ???????#""" ##############????????????????????? | | ???????#""" #??### #"""" ##???????????????????? | | ???????# #?? " ???????????????????? | | ???????#####+####""""" " ??????????????????? | | ???????????# ?????????????????? | | ???????????# ?????????????????? | | ???????????# ?????????????????? | | ???????????# " ??????????????? | +----------------------------------------------------+ Best States ------------- Heat Dissipation 31 Energy Generation 15 Energy Capacity 250 Matter Stores 300 Matter Capacity 300 Sight Range 16 Terrain Scan Range 16 Terrain Scan Density 10 Evasion (%) 45 Targeting Accuracy 5 Recoil Reduction 3 Item Schematics ----------------- None Robot Schematics ------------------ None Fabricated ------------ Nothing Alien Tech Used ----------------- None Achievements -------------- None Challenges ------------ None Game ------ Seed SchematicThiefDetonator Manual? 0 Play Time 00:28:49 Cumulative 791.6 hours Start 2024.08.07 @ 21:00:22 End 2024.08.07 @ 21:30:55 Sessions 3 Manual Loads 0 Difficulty Rogue Special Mode None Game No. 523 Rogue 523 Adventurer 0 Explorer 0 Win Type - Total 113 Types 77/7/8/10/5/1/4/0/1 Lore% 63 Gallery% 79 Achievement% 82 Wizard Run 0 Options --------- Layout 1 ASCII 0 Keyboard 0 Movement Numpad Keybinds 0 Fullscreen 1 Font 24/Smallcaps Map View 50x35 Zoom Use 0% Tactical HUD 1 Map Filters NONE Filters NONE Steam 1 RUN: 3304fd1d-e5e4-4a8f-b74a-6b1bbdefa267